 Dungeon Crawl Stone Soup version 0.25-a0-294-gea9b1ad (webtiles) character file.

Game seed: 11621285177435189990, levelgen mode: deterministic

18649 Birdy the Grappler (level 12, -11/110 HPs)
             Began as a Yellow Draconian Fighter on Dec 16, 2019.
             Was a Priest of Sif Muna.
             Mangled by a komodo dragon (28 damage)
             ... on level 2 of the Lair of Beasts on Dec 17, 2019.
             The game lasted 00:39:15 (14361 turns).

Birdy the Grappler (Yellow Draconian Fighter)      Turns: 14361, Time: 00:39:16

Health: -11/110    AC: 12    Str: 22    XL:     12   Next: 29%
Magic:  17/17      EV: 18    Int:  9    God:    Sif Muna [***...]
Gold:   689        SH:  7    Dex: 14    Spells: 11/11 levels left

rFire    . . .     SeeInvis .     - Unarmed
rCold    . . .     Gourm    .   m - +2 buckler
rNeg     . . .     Faith    .   (armour unavailable)
rPois    +         Spirit   .   b - +2 hat
rElec    .         Reflect  .   t - +0 cloak
rCorr    +         Harm     .   f - +0 pair of gloves
MR       .....                  (no boots)
Stlth    +.........             (no amulet)
HPRegen  0.28/turn              d - +2 ring of dexterity
MPRegen  0.15/turn              a - ring of poison resistance

@: short of breath
A: spit acid, unfitting armour, cold-blooded, acid resistance, AC +8
a: Breathe Acid, Channel Magic, Forget Spell, Renounce Religion


You were on level 2 of the Lair of Beasts.
You worshipped Sif Muna.
Sif Muna was most pleased with you.
You were hungry.

You visited 3 branches of the dungeon, and saw 14 of its levels.

You collected 689 gold pieces.

Inventory:

Missiles
 j - 119 bolts
Armour
 b - a +2 hat (worn)
 f - a +0 pair of gloves (worn)
 m - a +2 buckler (worn)
 t - a +0 cloak (worn)
Jewellery
 a - a ring of poison resistance (right hand)
 d - a +2 ring of dexterity (left hand)
 r - a +1 ring of evasion
Wands
 k - a wand of flame (8)
 p - a wand of paralysis (3)
 v - a wand of polymorph (7)
Scrolls
 e - 2 scrolls of fog
 i - 2 scrolls of amnesia
 n - 5 scrolls of remove curse
 q - 2 scrolls of enchant weapon
 s - a scroll of immolation
 u - a scroll of identify
Potions
 g - 4 potions of cancellation
 h - 2 potions of brilliance
 l - 3 potions of flight
 w - 2 potions of magic
Comestibles
 c - 8 rations


   Skills:
 + Level 11.1 Fighting
 + Level 9.4 Dodging
 - Level 3.0 Shields
 * Level 13.4 Unarmed Combat
 + Level 7.0 Invocations


You had 11 spell levels left.
You didn't know any spells.
Your spell library contained the following spells:

 Spells                   Type           Power        Failure   Level  Hunger
 Beastly Appendage        Tmut           #.....       41%         1    ##.....
 Corona                   Hex            #......      41%         1    ##.....
 Summon Small Mammal      Summ           #...         41%         1    ##.....
 Call Imp                 Summ           #.......     56%         2    ###....
 Ensorcelled Hibernation  Hex/Ice        #.....       56%         2    ###....
 Sticks to Snakes         Tmut           #.......     56%         2    ###....
 Call Canine Familiar     Summ           #.......     80%         3    ####...
 Confuse                  Hex            #.......     80%         3    ####...
 Dazzling Flash           Conj/Hex       #.....       80%         3    ####...
 Spider Form              Tmut/Pois      #.........   80%         3    ####...
 Summon Guardian Golem    Hex/Summ       #.......     80%         3    ####...
 Tukima's Dance           Hex            #.......     80%         3    ####...
 Ice Form                 Ice/Tmut       #.......     99%         4    #####..
 Summon Ice Beast         Ice/Summ       #.......     99%         4    #####..
 Summon Lightning Spire   Summ/Air       #.......     99%         4    #####..
 Blade Hands              Tmut           #.........   100%        5    ######.
 Metabolic Englaciation   Hex/Ice        #.........   100%        5    ######.
 Freezing Cloud           Conj/Ice/Air   #.........   100%        6    #######
 Ozocubu's Refrigeration  Ice            #.........   100%        6    #######
 Simulacrum               Ice/Necr       #.........   100%        6    #######


Dungeon Overview and Level Annotations

Branches:
Dungeon (10/15)            Temple (1/1) D:5            Lair (3/6) D:9
  Swamp: Lair:2-4    Shoals: Lair:2-4     Snake: Lair:2-4    Spider: Lair:2-4
    Orc: D:9-12

Altars:
Ashenzari
Cheibriados
Dithmenos
Elyvilon
Fedhas
Gozag
Hepliaklqana
Kikubaaqudgha
Makhleb
Nemelex Xobeh
Okawaru
Qazlal
Ru
Sif Muna
Trog
Uskayaw
Vehumet
Wu Jian
Xom
Yredelemnul
Zin
The Shining One

Shops:
D:5 (

Annotations:
D:10 Josephine


Innate Abilities, Weirdness & Mutations

You can spit globs of acid.
Your golden yellow scales are hard. (AC +8)
You cannot fit into any form of body armour.
You are cold-blooded and may be slowed by cold attacks.
You are resistant to acid. (rCorr)


Message History

The acid splashes onto the komodo dragon!
The komodo dragon is splashed with acid.
The acid corrodes the komodo dragon!
You are feeling hungry.
The yak barely misses you. The basilisk bites you.
* * * LOW HITPOINT WARNING * * *
The komodo dragon misses you. The yak misses you.
The spiny frog closely misses you.
Okay, then.
Okay, then.
Okay, then.
Okay, then.
The yak closely misses you.
Evoke which item? (* to show all) (? for menu, Esc to quit)
Aiming: Paralyse
Press: ? - help, Shift-Dir - straight line, f/p - basilisk
Aim: a basilisk (chance to defeat MR: 46%)
The yak resists with some effort.
The yak misses you. The yak closely misses you. The komodo dragon bites you!!
You die...

...)#..! ..P.. #....... ......##
....# #......# ..#...#####...##
#...#.## ..P.....#..)...#
####.##### ....#.........#
#......##. .............##
#......... ..............######
#......#..
......#.#..<...##P.####..#####...
.........†....Y#@l....... ###.
..........<...#YFYY....# ##
............YYtYl.......# #
[........P..YYY.Y......## #
..#...####....YY##.#....> #
P##....##.......# ##.....
###....##....#### ##..
#...#....P.# . ###...>....PP#


You could see 3 elephants, a komodo dragon, 8 yaks, a spiny frog, a basilisk and
a crocodile.

Vanquished Creatures
  Gastronok (Lair:1)
  The ghost of Misha the Spear-Bearer, a journeyman MfGl of Cheibriados (Lair:1)
  The ghost of Gullox the Transmogrifier, a journeyman NaTm of Okawaru (Lair:1)
  The ghost of Oyemoller the Transmogrifier, a journeyman DrTm of Cheibriados (Lair:1)
  A two-headed ogre (D:9)
  2 death yaks
  The ghost of Derfel the Jinx, a novice SpEn of Dithmenos (Lair:1)
  The ghost of felt the Charmwright, a novice GnSk of Okawaru (D:6)
  An elephant (D:9)
  2 black mambas
  2 spiny frogs
  A torpor snail (Lair:1)
  3 komodo dragons (Lair:1)
  Prince Ribbit (D:7)
  A hornet (D:9)
  5 blink frogs (Lair:1)
  3 hippogriffs
  Sigmund (D:5)
  12 yaks
  Eustachio (D:4)
  A wraith (D:9)
  Grum (Lair:1)
  Edmund (D:5)
  5 water moccasins
  An ice beast (D:7)
  4 porcupines
  3 orc warriors
  A phantom (D:4)
  A sky beast (D:7)
  2 eyes of draining (D:3)
  4 centaurs
  4 wolves
  2 ogres
  5 crocodiles
  5 bullfrogs
  5 killer bees (D:7)
  3 scorpions
  7 wights
  2 howler monkeys
  A centaur zombie (D:7)
  A bullfrog zombie (D:5)
  4 crimson imps
  2 hounds (D:9)
  9 orc wizards
  3 orc priests
  A bullfrog skeleton (D:5)
  Ijyb (D:5)
  An iguana (D:5)
  4 worker ants
  2 hound zombies
  3 hound skeletons
  A worker ant zombie (D:6)
  8 adders
  A gnoll (D:3)
  3 shadow imps
  3 worms
  An adder skeleton (D:4)
  An adder zombie (D:8)
  4 dart slugs
  4 leopard geckos
  29 orcs
  2 ball pythons
  7 bats
  5 giant cockroaches
  6 hobgoblins
  5 quokkas
  10 frilled lizards
  10 goblins
  5 kobolds
  A leopard gecko zombie (D:6)
  2 quokka skeletons
  A rat (D:1)
  A fungus (Lair:1)
  6 plants (Lair:1)
247 creatures vanquished.

Vanquished Creatures (others)
  2 bushes (D:9)
  2 fungi
  14 plants
  2 withered plants (Lair:1)
20 creatures vanquished.

Grand Total: 267 creatures vanquished

Notes
Turn   | Place    | Note
-------+----------+-------------------------------------------
     0 | D:1      | Birdy the Draconian Fighter began the quest for the Orb.
     0 | D:1      | Reached XP level 1. HP: 19/19 MP: 1/1
   124 | D:1      | Reached XP level 2. HP: 17/26 MP: 2/2
   657 | D:2      | Found a hazy altar of Hepliaklqana.
   669 | D:2      | Reached XP level 3. HP: 33/33 MP: 3/3
   867 | D:2      | Reached skill level 3 in Unarmed Combat
  1095 | D:2      | Found a shadowy altar of Dithmenos.
  1129 | D:2      | Noticed a +0 dagger
  1130 | D:2      | Noticed a +0 dagger
  1198 | D:2      | Found a hide-covered altar of Uskayaw.
  1788 | D:3      | Reached XP level 4. HP: 38/40 MP: 4/4
  1860 | D:3      | Found a bloodstained altar of Trog.
  1860 | D:3      | Noticed an eye of draining
  1861 | D:3      | Noticed an eye of draining
  1904 | D:3      | Killed an eye of draining
  1904 | D:3      | Reached skill level 4 in Unarmed Combat
  1904 | D:3      | Reached XP level 5. HP: 21/47 MP: 0/5
  1986 | D:3      | Killed an eye of draining
  2242 | D:3      | Reached XP level 6. HP: 14/53 MP: 6/6
  2622 | D:4      | Reached skill level 5 in Unarmed Combat
  2674 | D:4      | Noticed Eustachio
  2713 | D:4      | Found a basalt altar of Yredelemnul.
  2803 | D:4      | HP: 2/55 [river rat[Eustachio] (4)]
  3080 | D:4      | Reached skill level 5 in Fighting
  3110 | D:4      | Found a sacrificial altar of Ru.
  3194 | D:4      | Killed Eustachio
  3194 | D:4      | Your scales start taking on a golden yellow colour.
  3194 | D:4      | Reached XP level 7. HP: 32/61 MP: 7/7
  3194 | D:4      | Gained mutation: You are resistant to acid. (rCorr) [Yellow
                  | Draconian growth]
  3742 | D:4      | Reached skill level 6 in Unarmed Combat
  3798 | D:5      | Entered Level 5 of the Dungeon
  3900 | D:5      | Found a staircase to the Ecumenical Temple.
  3906 | Temple   | Entered the Ecumenical Temple
  3937 | Temple   | Became a worshipper of Sif Muna the Loreminder
  4054 | D:5      | Noticed Sigmund
  4066 | D:5      | Killed Sigmund
  4223 | D:5      | Noticed Ijyb
  4242 | D:5      | Killed Ijyb
  4242 | D:5      | Reached XP level 8. HP: 49/70 MP: 8/8
  4374 | D:5      | Reached skill level 5 in Dodging
  4374 | D:5      | Reached skill level 7 in Unarmed Combat
  4442 | D:5      | Found Langarix's Antique Weapon Emporium.
  4460 | D:5      | Noticed Edmund
  4490 | D:5      | Killed Edmund
  4639 | D:5      | Found an opulent altar of Gozag.
  5346 | D:6      | Reached skill level 8 in Unarmed Combat
  5353 | D:6      | Found a white marble altar of Elyvilon.
  5487 | D:6      | Found a runed translucent gate.
  5488 | D:6      | Found a runed translucent gate.
  5488 | D:6      | Noticed felt's ghost (novice GnSk)
  5489 | D:6      | Found a runed translucent gate.
  5819 | D:6      | Killed felt's ghost
  5819 | D:6      | Reached * piety under Sif Muna
  5819 | D:6      | Reached XP level 9. HP: 78/79 MP: 9/9
  5930 | D:6      | Reached skill level 9 in Unarmed Combat
  6836 | D:7      | Noticed Prince Ribbit
  6849 | D:7      | Killed Prince Ribbit
  6849 | D:7      | Reached skill level 10 in Unarmed Combat
  7483 | D:8      | Reached ** piety under Sif Muna
  7964 | D:8      | Reached XP level 10. HP: 82/90 MP: 10/10
  8510 | D:9      | Noticed an elephant
  8516 | D:9      | Noticed a death yak
  8534 | D:9      | Killed a death yak
  8534 | D:9      | Reached skill level 1 in Invocations
  8711 | D:9      | Killed an elephant
  8888 | D:9      | Noticed a two-headed ogre
  8895 | D:9      | Killed a two-headed ogre
  8895 | D:9      | Reached skill level 11 in Unarmed Combat
  8936 | D:9      | Found a staircase to the Lair.
  9117 | D:9      | Got a shimmering whip
  9118 | D:9      | Identified the +7 whip "Wuiwk" {pain, rN+ Dex+2} (You found
                  | it on level 9 of the Dungeon)
  9162 | D:9      | Found a blossoming altar of Fedhas.
  9231 | D:10     | Entered Level 10 of the Dungeon
  9241 | D:10     | Noticed Josephine
  9448 | Lair:1   | Entered Level 1 of the Lair of Beasts
  9765 | Lair:1   | Noticed Grum
 10132 | D:9      | Reached XP level 11. HP: 76/99 MP: 14/14
 10306 | Lair:1   | Killed Grum
 10400 | Lair:1   | Noticed Gastronok
 10430 | Lair:1   | HP: 2/99 [rat[Gastronok] (3)]
 11183 | Lair:1   | Reached skill level 12 in Unarmed Combat
 11425 | Lair:1   | Reached skill level 10 in Fighting
 11499 | Lair:1   | Killed Gastronok
 11499 | Lair:1   | Reached skill level 5 in Invocations
 11722 | Lair:1   | Found a runed translucent gate.
 11722 | Lair:1   | Found a runed translucent gate.
 11722 | Lair:1   | Noticed Gullox's ghost (journeyman NaTm)
 11723 | Lair:1   | Found a runed translucent gate.
 11723 | Lair:1   | Noticed Derfel's ghost (novice SpEn)
 11724 | Lair:1   | Noticed Oyemoller's ghost (journeyman DrTm)
 11724 | Lair:1   | Noticed Misha's ghost (journeyman MfGl)
 12662 | Lair:1   | Killed Misha's ghost
 12662 | Lair:1   | Reached *** piety under Sif Muna
 12669 | Lair:1   | Killed Derfel's ghost
 12674 | Lair:1   | Killed Gullox's ghost
 12684 | Lair:1   | Killed Oyemoller's ghost
 13137 | Lair:2   | Reached skill level 13 in Unarmed Combat
 13382 | Lair:2   | Noticed a death yak
 13444 | Lair:1   | Reached XP level 12. HP: 50/108 MP: 16/16
 13454 | Lair:1   | Killed a death yak
 13457 | Lair:1   | HP: 3/108 [blink frog (12)]
 14361 | Lair:2   | Mangled by a komodo dragon

Levels and vault maps discovered:
D:1:      dpeg_arrival_rhombi, layout_basic
D:2:      layout_basic, nicolae_dithmenos_shadow_blocks,
          dancing_weapons_uskayaw, old_standard_altar,
          kennysheep_generic_room_15
D:3:      layout_loops_ring, trog_eyes_of_draining, first_ration,
          guppyfry_early_orc_mine
D:4:      layout_gridville, grunt_temple_overflow_open, uniq_eustachio
D:5:      layout_basic, temple_green, serial_shops, shop, minmay_ruined_shrine,
          uniq_sigmund, uniq_edmund, uniq_ijyb
D:6:      layout_basic, ebering_ghost_rock_garden, elyvilon_altar_3
D:7:      layout_basic, uniq_prince_ribbit1
D:8:      layout_basic
D:9:      layout_loops_cross, david_lair_generic, fedhas_altar_decomposition
D:10:     minmay_separated_statues, layout_rooms, serial_glass, glass_columns_b,
          glass_columns_c, glass_columns_a, glass_columns_c, glass_columns_b,
          glass_columns_b, glass_columns_b, glass_columns_b, feat_on_display,
          item_on_display_a, feat_on_display, minmay_strange_pillars,
          hangedman_pestilent_swarm, uniq_josephine, uniq_erolcha
Temple:   regret_index_temple_sphere_string
Lair:1:   layout_concentric_octagons, gammafunk_ghost_cemetery,
          grunt_megastairs_5, uniq_gastronok, uniq_grum
Lair:2:   layout_misc_corridors
Lair:3:   layout_gridlike, swamp_mist_pool, grunt_forest_stairs_basic

Skill      XL: |  1  2  3  4  5  6  7  8  9 10 11 12 |
---------------+-------------------------------------+-----
Dodging        | 3 4 6 7 8 9 |  9.4
Unarmed Combat | 3 4 5 6 8 10 11 13 | 13.4
Fighting       | 4 5 6 7 8 9 10 11 | 11.1
Invocations    | 4 6 7 |  7.0
Shields        | |  3.0

Action                   |  1- 3 |  4- 6 |  7- 9 | 10-12 || total
-------------------------+-------+-------+-------+-------++-------
Melee: Unarmed           |   218 |   192 |   416 |   463 ||  1289
       Tailslap          |    21 |    26 |    57 |    78 ||   182
 Abil: Breathe Acid      |       |       |    19 |    41 ||    60
Evoke: Wand              |       |       |     1 |     8 ||     9
  Use: Scroll            |     6 |     4 |     4 |     6 ||    20
       Potion            |       |     9 |     4 |     5 ||    18
 Stab: Sleeping          |     2 |       |     1 |       ||     3
  Eat: Chunk             |     2 |       |     7 |     8 ||    17
       Ration            |       |     2 |     3 |     6 ||    11
Armor: Skin              |    44 |    55 |    81 |    77 ||   257
Dodge: Dodged            |    74 |   121 |   157 |   271 ||   623
Block: Shield            |    95 |   145 |   102 |       ||   342
       Buckler           |       |       |    40 |   133 ||   173

Table legend:
 A = Non-vault XP
 B = Vault XP
 C = Vault XP percentage of total XP
 D = Non-vault monster count
 E = Vault monster count
 F = Vault count percentage of total count
                 A         B        C        D         E       F
            +---------+---------+-------+---------+---------+-------
      Total |   14463 |   12179 |  45.7 |     196 |      44 |  18.3
            +---------+---------+-------+---------+---------+-------
        D:1 |      40 |       0 |   0.0 |      22 |       0 |   0.0
        D:2 |      28 |       2 |   6.7 |      12 |       1 |   7.7
        D:3 |      99 |     297 |  75.0 |      12 |      11 |  47.8
        D:4 |     387 |     202 |  34.3 |      18 |       1 |   5.3
        D:5 |     275 |     490 |  64.1 |      12 |       8 |  40.0
        D:6 |     965 |     601 |  38.4 |      29 |       1 |   3.3
        D:7 |    1525 |     291 |  16.0 |      22 |       1 |   4.3
        D:8 |     569 |       0 |   0.0 |      20 |       0 |   0.0
        D:9 |    1971 |    2161 |  52.3 |      13 |       8 |  38.1
       D:10 |     110 |       0 |   0.0 |       1 |       0 |   0.0
     Lair:1 |    6203 |    8135 |  56.7 |      24 |      13 |  35.1
     Lair:2 |    1667 |       0 |   0.0 |       8 |       0 |   0.0
     Lair:3 |     624 |       0 |   0.0 |       3 |       0 |   0.0
            +---------+---------+-------+---------+---------+-------
